cohdb
Replays
Latest Replays
All Replays
Popular Replays
Top Player Replays
Match Explorer
How It Works
Community
CoH3 Stats
Reddit
Sign in to upload your games and track your stats! →
Sign in with Steam
What can I do better (Bighazenut)
Match 29030308
Overview
Messages
Build Orders
End
Construct Infanterie Kompanie
Selects Mechanized Battlegroup
MG 42 Machine Gun Team
Grenadier Squad
MG 42 Machine Gun Team
GrW 34 Mortar Team
Construct Panzergrenadier Kompanie
Pak 40 Anti-tank Gun Team
Panzergrenadier Squad
251 Medium Carrier
Panzergrenadier Squad
Construct Panzer Kompanie
Sturmpanzer IV Brummbär
Selects Spotting Scopes
Selects Wespe Self-propelled Artillery
Selects Zeroing Artillery Barrage
MG 42 Machine Gun Team
Selects Raid Package
Selects StuG Assault Group
Pak 40 Anti-tank Gun Team
Selects UNKNOWN (2160084)
AI Takeover
용yong용
Eiche Erlaubenmann
Bighazelnut
T0MMY
Pioneer Combine
ZERO
0
0
Comments
sign in to comment!
No comments posted yet!